 Dungeon Crawl Stone Soup version 0.27.0-1-g7a089689b8 (webtiles) character file.

Game seed: 18402712423566517356

21 Spectrina the Magician (level 3, -6/25 HPs)
             Began as a Djinni Necromancer on Aug 17, 2021.
             Was a Follower of Yredelemnul.
             Frozen to death by an endoplasm (7 damage)
             ... on level 3 of the Dungeon.
             The game lasted 00:04:49 (875 turns).

Spectrina the Magician (Djinni Necromancer)          Turns: 875, Time: 00:04:49

Health: -6/25      AC:  4    Str: 13    XL:     3   Next: 2%
Gold:   18         EV: 12    Int: 17    God:    Yredelemnul [*.....] SH:  0 Dex: 13

rFire    + + .     SeeInvis .   h - +0 short sword
rCold    x . .     Faith    .   (no shield)
rNeg     . . .     Spirit   .   k - +1 leather armour of the Catfish {Drain Str+6}
rPois    ∞         Reflect  .   (no helmet)
rElec    .         Harm     .   (no cloak)
rCorr    .         Rampage  .   (no gloves)
Will     .....                  (boots unavailable)
Stlth    ++........             (no amulet)
HPRegen  0.08/turn              (no ring)
MPRegen  0.00/turn              (no ring)

@: flying, very slightly contaminated
A: sickness immunity, fire resistance 2, cold vulnerability 1, float, innate
caster, hp casting, extra vitality 1
a: Renounce Religion, Animate Remains


You were on level 3 of the Dungeon.
You worshipped Yredelemnul.
Yredelemnul was aware of your devotion.
You visited 1 branch of the dungeon, and saw 4 of its levels.

You collected 18 gold pieces.

Inventory:

Hand Weapons
 h - a +0 short sword (weapon)
Missiles
 b - 59 stones
 i - 6 curare-tipped darts (quivered)
Armour
 a - a +0 robe
 k - the +1 leather armour of the Catfish (worn) {Drain Str+6}
   (You found it on level 4 of the Dungeon)

   Str:       It affects your strength (+6).
   Drain:     It drains your maximum health when unequipped.
Wands
 f - a wand of polymorph (11)
Scrolls
 d - a scroll of magic mapping {unknown}
 e - 2 scrolls of identify {unknown}
 g - a scroll of fog {unknown}
Potions
 c - a potion of heal wounds {unknown}
 j - a potion of brilliance {unknown}


   Skills:
 - Level 2.1 Dodging
 - Level 1.5 Stealth
 + Level 3.8 Spellcasting


You couldn't memorise any spells.
You knew the following spells:

 Your Spells              Type           Power      Damage    Failure   Level
a - Pain                  Necr           64%        1d7       4%          1
d - Animate Dead          Necr           8%         N/A       38%         4
e - Agony                 Necr           16%        N/A       75%         5
f - Freeze                Ice            64%        1d8       4%          1
l - Vampiric Draining     Necr           8%         2d7       12%         3
m - Animate Skeleton      Necr           32%        N/A       4%          1
Your spell library was empty.

Dungeon Overview and Level Annotations

Branches:
Dungeon (4/15)
 Temple: D:4-7

Altars:
Yredelemnul

Shops:
D:3 *


Innate Abilities, Weirdness & Mutations

You are immune to sickness and miasma.
You are immune to poison.
Your flesh is very heat resistant. (rF++)
You are vulnerable to cold. (rC-)
You float through the air rather than walking.
You learn spells naturally, not from books.
Your magical power is your life essence.
You have superior vitality. (+4 HP)


Message History

The helpless endoplasm fails to defend itself.
You hit the endoplasm.
The endoplasm is moderately wounded.
The endoplasm hits you.
Throw: 7 darts (curare)
Press: ? - help, Q - select action, (/) - cycle Shift-Dir - straight line, f - endoplasm
Aim: an endoplasm (moderately wounded, 85% to hit)
You throw a curare-tipped dart.
The curare-tipped dart hits the endoplasm.
The endoplasm is moderately wounded.
The endoplasm freezes you.
You are frozen.
You feel a terrible chill!
Casting: Pain (safe; 4% risk of failure)
Confirm with . or Enter, or press ? or * to list all spells.
Aiming: Freeze (safe; 4% risk of failure)
Press: ? - help, Shift-Dir - straight line, f/p - endoplasm
Aim: an endoplasm (moderately wounded)
You freeze the endoplasm.
The endoplasm is almost dead.
The endoplasm freezes you.
You are frozen.
You feel a terrible chill!
* * * LOW HITPOINT WARNING * * *
Casting: Freeze (safe; 4% risk of failure)
Confirm with . or Enter, or press ? or * to list all spells.
Aiming: Freeze (safe; 4% risk of failure)
Press: ? - help, Shift-Dir - straight line, f/p - endoplasm
Aim: an endoplasm (almost dead)
You miscast Freeze.
You are very lightly contaminated with residual magic.
Nothing appears to happen.
* * * LOW HITPOINT WARNING * * *
The endoplasm freezes you.
You are frozen.
You feel a terrible chill!
* * * LOW HITPOINT WARNING * * *
Unknown command.
There is an open door here.
The endoplasm freezes you.
You are frozen!
You feel a terrible chill!
You die...
Your body rises from the dead as a mindless zombie.

>.....# ##.#### #.# #.#
##+###+### #.#########
#......... ##.........#
#(........ .'.........#
#../......
##.........#######.........
................@J.........
###############.##.........
# #.##......... #
#.##......... #
#.##......... #.##.........
#.########## #.# #.#


You could see an endoplasm.

Vanquished Creatures
  3 ball pythons
  2 bats
  3 giant cockroaches
  2 hobgoblins
  3 jackals (D:3)
  A frilled lizard (D:1)
  A kobold (D:2)
  3 rats
18 creatures vanquished.

Notes
Turn   | Place    | Note
-------+----------+-------------------------------------------
     0 | D:1      | Spectrina the Djinni Necromancer began the quest for the
                  | Orb.
     0 | D:1      | Reached XP level 1. HP: 15/15 MP: 0/0
    29 | D:1      | Found a faded altar of an unknown god.
   338 | D:1      | Became a worshipper of Yredelemnul the Dark
   338 | D:1      | Reached * piety under Yredelemnul
   397 | D:1      | Reached XP level 2. HP: 3/21 MP: 0/0
   530 | D:3      | Found Ucahoep's General Store.
   804 | D:3      | Reached XP level 3. HP: 9/25 MP: 0/0
   804 | D:3      | Learned a level 1 spell: Freeze
   826 | D:4      | Identified the +1 leather armour of the Catfish {Drain
                  | Str+6}
   872 | D:3      | HP: 1/25 [frozen (3)]
   875 | D:3      | Frozen to death by an endoplasm

Illustrated notes

Levels and vault maps discovered:
D:1:      nicolae_arrival_memento_mori, layout_basic,
          chequers_ecumenical_altar_simple_redux, st_stairs_1
D:2:      layout_basic, hangedman_abyss_or_decor_lesser_grid
D:3:      layout_basic, chequers_temple_overflow_statue_of_worship,
          serial_shops, shop, nicolae_lakefront_shop
D:4:      layout_cave_pools

Action                   || total
-------------------------++-------
Melee: Unarmed           ||     2
       Short sword       ||     8
Throw: Dart              ||     9
       Stone             ||     1
 Cast: Pain              ||    23
       Freeze            ||     1
 Stab: Sleeping          ||     1
Armor: Robe              ||     9
Dodge: Dodged            ||    12
